 Dungeon Crawl Stone Soup version 0.22.1-1-ga44c0e56f4 (webtiles) character file.

2338 Knicklaso the Fighter (level 9, -8/82 HPs)
             Began as a White Draconian Transmuter on Sept 30, 2018.
             Was a Follower of Wu Jian.
             Shot with a bolt by an orc warrior (28 damage)
             ... in a bailey.
             The game lasted 00:22:49 (8351 turns).

Knicklaso the Fighter (White Draconian Transmuter)  Turns: 8351, Time: 00:22:49

Health: -8/82      AC:  2    Str: 13    XL:     9   Next: 19%
Magic:  7/12       EV: 25    Int: 14    God:    Wu Jian [*.....]
Gold:   156        SH:  0    Dex: 24    Spells: 2/12 levels left

rFire    . . .     SeeInvis .     - Unarmed
rCold    . . .     Gourm    .   (shield currently unavailable)
rNeg     . . .     Faith    .   (armour unavailable)
rPois    x         Spirit   .   (helmet currently unavailable)
rElec    .         Reflect  .   (cloak currently unavailable)
rCorr    .         Harm     .   (gloves currently unavailable)
MR       .....                  (boots currently unavailable)
Stlth    +++.......             (no amulet)
HPRegen  0.23/turn              (no ring)
MPRegen  0.13/turn              (no ring)

@: agile, spider-form, very slightly contaminated
A: tiny, (breathe frost), unfitting armour, AC +7
a: End Transformation, Renounce Religion


You were in a bailey.
You worshipped Wu Jian.
Wu Jian was aware of your devotion.
You were not hungry.
You were a venomous arachnid creature.
You visited 2 branches of the dungeon, and saw 8 of its levels.
You also visited: Bailey.

You collected 310 gold pieces.
You spent 154 gold pieces at shops.

Inventory:

Missiles
 a - 115 arrows
 g - 155 stones (quivered)
Armour
 z - a +0 pair of boots (melded)
 B - a +0 pair of gloves
 D - a +2 pair of gloves (melded)
Jewellery
 d - an uncursed ring of positive energy {unknown}
 v - an uncursed ring of protection from cold {unknown}
 w - an uncursed ring of fire {unknown}
Wands
 s - a wand of iceblast (3)
Scrolls
 e - a scroll of amnesia
 h - a scroll of magic mapping
 l - 5 scrolls of teleportation {unknown}
 n - a scroll of enchant weapon {unknown}
 o - a scroll of immolation
 p - 2 scrolls of enchant armour {unknown}
 q - 4 scrolls of remove curse {unknown}
 u - a scroll of identify {unknown}
 y - a scroll of fog {unknown}
 C - a scroll of random uselessness {unknown}
Potions
 b - 6 potions of curing
 f - a potion of ambrosia {unknown}
 i - 3 potions of agility
 j - 3 potions of haste {unknown}
 k - 2 potions of might
 m - 3 potions of brilliance {unknown}
 t - a potion of flight {unknown}
 x - 2 potions of resistance {unknown}
 A - a potion of lignification
 E - a potion of degeneration {unknown}
Comestibles
 c - 14 rations
 r - 3 chunks of flesh


   Skills:
 + Level 8.9 Fighting
 - Level 1.7 Dodging
 + Level 8.8 Unarmed Combat
 - Level 2.0 Spellcasting
 - Level 3.0 Transmutations
 - Level 3.0 Ice Magic
 - Level 2.0 Poison Magic


You had 2 spell levels left.
You knew the following spells:

 Your Spells              Type           Power        Failure   Level  Hunger
a - Beastly Appendage     Tmut           #.....       19%         1    ##.....
b - Spider Form           Tmut/Pois      #.........   47%         3    ####...
c - Sticks to Snakes      Tmut           #.......     26%         2    ###....
d - Ice Form              Ice/Tmut       #.......     77%         4    #####..

Your spell library contained the following spells:

 Spells                   Type           Power        Failure   Level  Hunger
 Blade Hands              Tmut           #.........   96%         5    ######.


Dungeon Overview and Level Annotations

Branches:
Dungeon (7/15)             Temple (1/1) D:4

Altars:
Ashenzari
Cheibriados
Elyvilon
Gozag
Hepliaklqana
Makhleb
Qazlal
Sif Muna
Uskayaw
Vehumet
Wu Jian
Xom
Yredelemnul
Zin

Shops:
D:5 [!   D:6 }

Annotations:
D:5 1 runed door, Atweeke's ghost, novice GnSk


Innate Abilities, Weirdness & Mutations

((You can breathe waves of freezing cold.))
((You can buffet flying creatures when you breathe cold.))
((Your icy white scales are hard. (AC +7)))
You cannot fit into any form of body armour.
((Your flesh is cold resistant. (rC+)))
((You are cold-blooded and may be slowed by cold attacks.))


Message History

The orc warrior is lightly wounded.
You spin and attack the orc warrior.
You barely miss the orc warrior.
The orc warrior is heavily wounded.
The orc warrior unwields an uncursed arbalest.
The orc warrior closely misses you. The orc warrior barely misses you.
You hit the orc warrior.
The orc warrior looks as sick as possible!
The orc warrior is severely wounded.
The orc warrior hits you.
* * * LOW HITPOINT WARNING * * *
You spin and attack the orc warrior.
You hit the orc warrior but do no damage.
The orc warrior looks as sick as possible!
The orc warrior is almost dead.
You kill the orc warrior!
The Council accepts your kill.
The orc warrior shoots a bolt.
The bolt closely misses you.
The orc warrior wields an uncursed arbalest.
The orc warrior shoots a bolt.
The bolt hits you!!
You die...

## #### ##∩##
#####
....##...##.....
≈≈≈..#...#..≈≈≈.
≈o≈≈.......≈≈o≈≈
oo≈.......≈oo.≈
o≈≈.....o.≈≈o≈≈
#.).# #(s(#
##∩## ###


You could see 3 orc warriors and 2 orcs.

Vanquished Creatures
  Eustachio (D:4)
  Duvessa (D:5)
  2 orc warriors
  A black bear (D:6)
  2 ogres
  A centaur (D:6)
  3 bullfrogs
  A big kobold (D:7)
  Dowan (D:5)
  2 scorpions
  3 wights (D:6)
  A howler monkey (D:7)
  2 bullfrog zombies
  7 hounds
  A jelly (D:2)
  A bullfrog skeleton (D:6)
  5 orc wizards
  5 worker ants
  Natasha (D:4)
  An iguana (D:4)
  4 gnolls (D:4)
  11 adders
  2 oozes
  An adder skeleton (D:5)
  2 worms
  4 leopard geckos
  18 orcs
  4 bats
  7 giant cockroaches
  20 goblins
  6 hobgoblins
  4 jackals (D:1)
  A quokka (D:3)
  6 ball pythons
  7 frilled lizards
  A jackal zombie (D:5)
  10 kobolds
  A leopard gecko zombie (D:6)
  5 rats
156 creatures vanquished.

Vanquished Creatures (collateral kills)
  A sky beast (D:6)
  A wight (D:6)
2 creatures vanquished.

Grand Total: 158 creatures vanquished

Notes
Turn   | Place    | Note
-------+----------+-------------------------------------------
     0 | D:1      | Knicklaso the Draconian Transmuter began the quest for the
                  | Orb.
     0 | D:1      | Reached XP level 1. HP: 16/16 MP: 3/3
   317 | D:1      | Reached XP level 2. HP: 23/23 MP: 5/5
   699 | D:1      | Reached XP level 3. HP: 22/29 MP: 6/6
   713 | D:1      | Learned a level 3 spell: Spider Form
   716 | D:1      | Learned a level 2 spell: Sticks to Snakes
  1707 | D:2      | Reached skill level 1 in Poison Magic
  1707 | D:2      | Reached XP level 4. HP: 18/37 MP: 5/7
  2403 | D:2      | Reached XP level 5. HP: 38/42 MP: 6/8
  3003 | D:3      | Reached XP level 6. HP: 32/52 MP: 7/9
  3716 | D:4      | Reached skill level 5 in Unarmed Combat
  4160 | D:4      | Your scales start taking on an icy white colour.
  4160 | D:4      | Reached XP level 7. HP: 58/60 MP: 8/10
  4160 | D:4      | Gained mutation: Your flesh is cold resistant. (rC+) [White
                  | Draconian growth]
  4177 | D:4      | Reached skill level 5 in Fighting
  4327 | D:4      | Found a staircase to the Ecumenical Temple.
  4329 | D:4      | Noticed Eustachio
  4340 | D:4      | Killed Eustachio
  4345 | Temple   | Entered the Ecumenical Temple
  4400 | Temple   | Became a worshipper of the Wu Jian Council
  4789 | D:4      | Noticed Natasha
  4799 | D:4      | Killed Natasha
  5083 | D:5      | Entered Level 5 of the Dungeon
  5089 | D:5      | Learned a level 4 spell: Ice Form
  5097 | D:5      | Found a runed door.
  5097 | D:5      | Noticed Atweeke's ghost (novice GnSk)
  5097 | D:5      | Noticed a two-headed ogre
  5199 | D:5      | Reached skill level 1 in Ice Magic
  5200 | D:5      | Found Vuitig's Distillery.
  5220 | D:5      | Bought a potion of curing for 33 gold pieces
  5220 | D:5      | Bought a potion of agility for 44 gold pieces
  5220 | D:5      | Bought a potion of lignification for 33 gold pieces
  5220 | D:5      | Bought a potion of might for 44 gold pieces
  5272 | D:5      | Noticed Dowan
  5306 | D:5      | Killed Dowan
  5306 | D:5      | Reached XP level 8. HP: 46/71 MP: 9/11
  5543 | D:5      | Found Ybull's Armour Shop.
  5615 | D:5      | Noticed Duvessa
  5630 | D:5      | Killed Duvessa
  6039 | D:5      | Found an opulent altar of Gozag.
  6505 | D:6      | Found Wimaor's Gadget Shop.
  6516 | D:6      | Reached * piety under Wu Jian
  7941 | D:6      | Reached XP level 9. HP: 80/82 MP: 12/12
  8314 | D:7      | Found a flagged portal.
  8337 | Bailey   | Entered a bailey
  8351 | Bailey   | Shot with a bolt by an orc warrior

Skill      XL: |  1  2  3  4  5  6  7  8 |
---------------+-------------------------+-----
Fighting       | 2 3 4 6 8 |  8.9
Unarmed Combat | 4 5 6 8 |  8.8
Poison Magic   | 1 2 |  2.0
Transmutations | 3 |  3.0
Ice Magic      | 1 3 |  3.0
Dodging        | |  1.7
Spellcasting   | |  2.0

Action                   |  1- 3 |  4- 6 |  7- 9 || total
-------------------------+-------+-------+-------++-------
Melee: Unarmed           |   118 |   198 |   321 ||   637
       Tailslap          |    11 |    11 |    38 ||    60
       Punch             |     2 |     3 |     2 ||     7
       Kick              |     1 |    11 |    11 ||    23
       Headbutt          |       |    13 |     7 ||    20
Throw: Stone             |       |     1 |     7 ||     8
 Cast: Beastly Appendage |     2 |    12 |     8 ||    22
       Spider Form       |       |     1 |     6 ||     7
       Sticks to Snakes  |       |       |     6 ||     6
Invok: Lunge             |       |       |    48 ||    48
       Whirlwind         |       |       |    15 ||    15
  Use: Scroll            |       |       |     2 ||     2
       Potion            |       |       |     1 ||     1
 Stab: Sleeping          |     2 |     2 |     4 ||     8
  Eat: Chunk             |     2 |     5 |    12 ||    19
       Ration            |       |     1 |     1 ||     2
Armor: Skin              |    25 |    65 |    64 ||   154
Dodge: Dodged            |   106 |   125 |   176 ||   407
